 Dungeon Crawl Stone Soup version 0.16.1-14-g82efdee (webtiles) character file.

6412 Dire the Fighter (level 10, 0/91 HPs)
             Began as a Hill Orc Fighter on Apr 12, 2015.
             Was an Elder of Okawaru.
             Killed by Freeze
             ... invoked by Bartledoo's ghost
              (24 damage)
             ... on level 10 of the Dungeon.
             The game lasted 00:37:21 (12478 turns).

Dire the Fighter (Hill Orc Fighter)                Turns: 12478, Time: 00:37:22

Health: 0/91       AC: 16    Str: 22    XL:     10   Next: 98%
Magic:  10/10      EV:  7    Int:  8    God:    Okawaru [****..]
Gold:   532        SH: 11    Dex: 11    Spells: 1 memorised, 3 levels left

rFire  . . .     SeeInvis .     a - +1 flail
rCold  . . .     Clarity  .     H - +0 chain mail
rNeg   . . .     SustAb   .     c - +0 shield
rPois  .         Gourm    +     (no helmet)
rElec  .         Spirit   .     l - +0 cloak
rCorr  .         Warding  .     D - +1 pair of gloves {archery}
rMut   .         Stasis   .     Q - +0 pair of boots
MR     .....                    y - amulet of the gourmand
Stlth  ..........               g - ring of wizardry
                                f - ring of stealth

@: lethally poisoned (0 -> -26), not resistant to hostile enchantments,
extremely unstealthy
A: no striking features
a: Heroism, Renounce Religion


You were on level 10 of the Dungeon.
You worshipped Okawaru.
Okawaru was greatly pleased with you.
You were very full.

You visited 2 branches of the dungeon, and saw 11 of its levels.
You also visited: Sewer.

You collected 532 gold pieces.

Inventory:

Hand weapons
 a - a +1 flail (weapon)
 J - a +0 long sword
 L - a +0 whip of freezing
Missiles
 M - 7 javelins (quivered)
 S - 2 curare-tipped needles
Armour
 c - a +0 shield (worn)
 l - a +0 cloak (worn)
 D - a +1 pair of gloves of archery (worn)
 H - a +0 chain mail (worn)
 Q - a +0 pair of boots (worn)
Jewellery
 f - a ring of stealth (left hand)
 g - a ring of wizardry (right hand)
 y - an amulet of the gourmand (around neck)
Magical devices
 w - a wand of polymorph (11)
 A - a wand of disintegration (17)
 U - a wand of disintegration (9)
Scrolls
 j - 7 scrolls of remove curse
 k - a scroll of teleportation
 q - 2 scrolls of identify
 s - a scroll of enchant weapon
 v - a scroll of enchant armour
 F - a scroll of fog
 I - 2 scrolls of magic mapping {unknown}
 N - 2 scrolls of blinking
 P - a scroll of random uselessness {unknown}
 W - a scroll of brand weapon {unknown}
Potions
 b - a potion of resistance {unknown}
 e - 2 potions of might
 h - a potion of cancellation
 i - 3 potions of heal wounds {unknown}
 o - a potion of curing
 p - a potion of restore abilities {unknown}
 u - a potion of haste
 x - a potion of lignification {unknown}
 z - a potion of agility
 B - a potion of mutation {unknown}
 C - a potion of beneficial mutation {unknown}
 G - a potion of flight {unknown}
 K - 2 potions of brilliance {unknown}
 O - a potion of magic {unknown}
 R - a potion of degeneration {unknown}
Books
 r - a book of the Earth

   Spells                             Type                      Level
   a - Leda's Liquefaction            Hexes/Earth                  4
   b - Bolt of Magma                  Conjuration/Fire/Earth       5
   c - Statue Form                    Transmutation/Earth          6
   d - Iron Shot                      Conjuration/Earth            6
   e - Shatter                        Earth                        9
 V - a book of Burglary

   Spells                             Type                      Level
   a - Swiftness                      Charms/Air                   2
   b - Passwall                       Transmutation/Earth          3
   c - Passage of Golubria            Translocation                4
   d - Lee's Rapid Deconstruction     Earth                        5
   e - Invisibility                   Hexes                        6
   f - Darkness                       Hexes                        7
 X - a Young Poisoner's Handbook

   Spells                             Type                      Level
   a - Sting                          Conjuration/Poison           1
   b - Cure Poison                    Poison                       2
   c - Mephitic Cloud                 Conjuration/Poison/Air       3
   d - Olgreb's Toxic Radiance        Poison                       4
   e - Venom Bolt                     Conjuration/Poison           5
Comestibles
 d - 6 meat rations
 m - 4 fruits
 n - 7 bread rations
 t - 8 beef jerkies
 E - a royal jelly
 T - 8 slices of pizza


   Skills:
 - Level 9.0 Fighting
 + Level 3.6 Long Blades
 + Level 8.7 Maces & Flails
 + Level 6.5 Throwing
 + Level 8.9 Armour
 - Level 8.2 Shields


You had 3 spell levels left.
You knew the following spells:

 Your Spells              Type           Power        Failure   Level  Hunger
a - Statue Form           Trmt/Erth      #........    100%        6    #######


Dungeon Overview and Level Annotations

Branches:
Dungeon (10/15)            Temple (1/1) D:5
   Lair: D:8-11         Orc: D:9-12

Altars:
Ashenzari
Cheibriados
Dithmenos
Elyvilon
Fedhas
Gozag
Kikubaaqudgha
Makhleb
Nemelex Xobeh
Okawaru
Qazlal
Ru
Sif Muna
Trog
Vehumet
Xom
Yredelemnul
The Shining One
Lugonu

Shops:
D:6 [

Annotations:
D:10 Bartledoo's ghost, powerful MfIE


Message History

The ice beast is lightly wounded.
You feel very sick. Bartledoo's ghost hits you.
You block the ice beast's attack.
Your chain mail prevents you from hitting the ice beast.
The ice beast is lightly wounded.
You feel very sick. Bartledoo's ghost closely misses you.
You block the ice beast's attack.
You closely miss the ice beast.
The ice beast is lightly wounded.
* * * LOW HITPOINT WARNING * * *
You feel very sick.
Bartledoo's ghost hits you but does no damage.
The ice beast barely misses you.
You hit the ice beast.
The ice beast is moderately wounded.
* * * LOW HITPOINT WARNING * * *
You feel very sick.
Bartledoo's ghost gestures at you while chanting.
You are frozen.
You die...

####'##### #..# #.##
###.# #...#
#################'######
#...#....§#.##.........#
#(###.#.#Y#.#..........#
#.#...#.#@#W((.........'$
#.#####.#W#§##.......(.##
#.......#Y..##.........#
########################


You could see 2 ice beasts and Bartledoo's ghost.

Vanquished Creatures
  Pikel (D:9)
  Psyche (D:9)
  A troll (D:9)
  A deep elf mage (D:9)
  A human (D:7)
  A hungry ghost (D:6)
  A black bear (D:9)
  An orc warrior (D:9)
  A wasp (D:9)
  A phantom (D:4)
  An ogre (D:5)
  3 centaurs
  A crocodile (D:5)
  2 giant frogs
  Duvessa (D:6)
  13 big kobolds
  2 scorpions
  5 killer bees (D:9)
  12 crimson imps
  A centaur zombie (D:8)
  2 goliath beetles
  Dowan (D:6)
  A giant frog zombie (D:5)
  5 hounds
  A jelly (D:6)
  A giant frog skeleton (D:9)
  5 orc priests
  A quasit (D:8)
  3 centaur skeletons
  An iguana (D:9)
  10 worker ants
  12 orc wizards
  A killer bee zombie (D:6)
  4 sheep (D:7)
  A hound zombie (D:7)
  8 gnolls
  A worker ant zombie (D:7)
  9 adders
  5 shadow imps
  3 giant mites
  4 worms
  An adder zombie (D:7)
  An adder skeleton (D:4)
  3 giant geckos
  3 oozes
  38 orcs
  4 ball pythons (Sewer)
  6 giant cockroaches
  11 goblins
  18 hobgoblins
  20 jackals
  23 bats
  9 giant newts
  A jackal zombie (D:5)
  32 kobolds
  4 quokkas
  22 rats
326 creatures vanquished.

Vanquished Creatures (others)
  3 slaves (D:9)
  A killer bee (D:9)
  3 orcs (D:9)
  2 rats (D:9)
9 creatures vanquished.

Grand Total: 335 creatures vanquished

Notes
Turn   | Place    | Note
--------------------------------------------------------------
     0 | D:1      | Dire, the Hill Orc Fighter, began the quest for the Orb.
     0 | D:1      | Reached XP level 1. HP: 19/19 MP: 1/1
   127 | D:1      | Reached XP level 2. HP: 24/27 MP: 2/2
   204 | D:1      | Reached skill level 4 in Fighting
   577 | D:1      | Reached XP level 3. HP: 31/33 MP: 3/3
   972 | D:2      | Reached XP level 4. HP: 16/41 MP: 4/4
  1423 | D:2      | Found a sparkling altar of Nemelex Xobeh.
  1611 | D:2      | Found a shadowy altar of Dithmenos.
  1902 | D:3      | Reached XP level 5. HP: 30/47 MP: 5/5
  2151 | D:3      | Found a burning altar of Makhleb.
  2263 | D:3      | Reached skill level 5 in Fighting
  2502 | D:3      | Found a bloodstained altar of Trog.
  2526 | D:3      | Found an opulent altar of Gozag.
  2660 | D:4      | Reached XP level 6. HP: 44/56 MP: 6/6
  2766 | D:4      | Found an ancient bone altar of Kikubaaqudgha.
  2923 | D:4      | Found a basalt altar of Yredelemnul.
  3171 | D:4      | Found a stormy altar of Qazlal.
  3184 | D:4      | Reached skill level 5 in Armour
  3184 | D:4      | Reached skill level 5 in Shields
  3565 | D:4      | Noticed a phantom
  3596 | D:4      | Killed a phantom
  3596 | D:4      | Reached XP level 7. HP: 30/62 MP: 7/7
  3754 | D:4      | Reached skill level 6 in Fighting
  4081 | D:5      | Entered Level 5 of the Dungeon
  4358 | D:5      | Reached skill level 1 in Throwing
  4458 | D:5      | Reached XP level 8. HP: 49/71 MP: 8/8
  4700 | D:5      | Found a staircase to the Ecumenical Temple.
  4710 | Temple   | Entered the Ecumenical Temple
  4728 | Temple   | Became a worshipper of Warmaster Okawaru
  4832 | D:5      | Reached skill level 5 in Maces & Flails
  4934 | D:5      | Found a snail-covered altar of Cheibriados.
  5111 | D:5      | Reached skill level 7 in Fighting
  5439 | D:6      | Found Cluy's Armour Emporium.
  5566 | D:6      | Found a glowing drain.
  5592 | Sewer    | Entered a sewer
  5862 | Sewer    | Acquired Okawaru's first power
  6081 | D:6      | HP: 3/73 [goliath beetle (5)]
  6607 | D:6      | Reached XP level 9. HP: 76/79 MP: 9/9
  6690 | D:6      | Noticed Duvessa
  6691 | D:6      | Noticed Dowan
  6726 | D:6      | Killed Dowan
  6740 | D:6      | Killed Duvessa
  7963 | D:7      | Reached skill level 8 in Fighting
  8040 | D:7      | Learned a level 6 spell: Statue Form
  9000 | D:8      | Found a radiant altar of Vehumet.
  9117 | D:8      | Found a shattered altar of Ashenzari.
  9348 | D:8      | Found a deep blue altar of Sif Muna.
  9613 | D:8      | Reached XP level 10. HP: 85/90 MP: 10/10
  9622 | D:8      | Reached skill level 5 in Throwing
  9840 | D:9      | Reached skill level 9 in Fighting
 10563 | D:9      | Noticed Psyche
 10624 | D:9      | Noticed Pikel
 10654 | D:9      | Killed Pikel
 10654 | D:9      | Reached skill level 1 in Long Blades
 11356 | D:9      | Killed Psyche
 11463 | D:9      | Found a glowing golden altar of the Shining One.
 11620 | D:10     | Entered Level 10 of the Dungeon
 11864 | D:10     | Noticed Bartledoo's ghost (powerful MfIE)
 12478 | D:10     | Killed from afar by Bartledoo's ghost

Action                   |  1- 3 |  4- 6 |  7- 9 | 10-12 || total
-------------------------+-------+-------+-------+-------++-------
Melee: Flail             |   185 |   310 |   750 |   275 ||  1520
       Whip              |       |       |       |   123 ||   123
Throw: Tomahawk          |       |       |    24 |       ||    24
       Javelin           |       |       |     1 |       ||     1
  Use: Scroll            |       |       |     9 |     1 ||    10
       Potion            |       |       |     6 |     1 ||     7
 Stab: Distracted        |       |       |       |     1 ||     1
  Eat: Chunk             |     1 |     8 |    31 |    12 ||    52
